 Dungeon Crawl Stone Soup version 0.30.1-1-g62c8e00024 (webtiles) character file.

Game seed: 4940913217319314701

8589 Inchmeat the Fighter (level 11, 0/114 HPs)
             Began as an Armataur Monk on July 18, 2023.
             Was a Believer of Ashenzari.
             Succumbed to alvan145's ghost's poison
             ... on level 10 of the Dungeon.
             The game lasted 00:26:14 (11735 turns).

Inchmeat the Fighter (Armataur Monk)               Turns: 11735, Time: 00:26:15

Health: 0/114      AC: 11    Str: 21    XL:     11   Next: 11%
Magic:  11/11      EV:  9    Int: 11    God:    Ashenzari [**....]
Gold:   480        SH:  0    Dex: 12    Spells: 10/10 levels left

rFire   + . .        y - +0 morningstar "Chained Together" {Evo, Self} (curse)
rCold   . . .        d - orb of Apeoromancy {light, Melee, Fort} (curse)
rNeg    + . .        c - +4 ring mail of the Tethered Fetters {rN+, Alch, Comp} (curse)
rPois   .            r - +1 hat
rElec   .            (no cloak)
rCorr   .            n - +0 pair of gloves
SInv    +            (no barding)
Will    .....        (no amulet)
Stlth   +            f - ring of protection from fire
HPRegen 0.39/turn    t - ring of wizardry
MPRegen 0.12/turn

%: roll, wizardry (x1)
@: lethally poisoned (0 -> -47), glowing
A: large, rugged brown scales 3, deformed body, armoured tail, roll, long
tongue, awkward tongue
a: Renounce Religion, Curse Item, Shatter the Chains


You were on level 10 of the Dungeon.
You worshipped Ashenzari.
Ashenzari was pleased with you.
You visited 2 branches of the dungeon, and saw 12 of its levels.

You collected 480 gold pieces.

Inventory:

Hand Weapons
 a - a +0 mace
 y - the cursed +0 morningstar "Chained Together" (weapon) {Evo, Self}
   (You took it off an orc on level 5 of the Dungeon)

   It has a curse which improves the following skills: Evocations: Evocations.
   Introspection: Fighting and Spellcasting.
 B - a +1 whip of electrocution
 D - a +1 demon whip of venom
Armour
 c - the cursed +4 ring mail of the Tethered Fetters (worn) {rN+, Alch, Comp}
   (You took it off Terence on level 3 of the Dungeon)

   It has a curse which improves the following skills: Alchemy: Poison Magic and
   Transmutations.
   Companions: Summonings and Necromancy.
 d - the cursed orb of Apeoromancy (worn) {light, Melee, Fort}

   It has a curse which improves the following skills: Melee Combat: Short
   Blades, Long Blades, Axes, Maces & Flails, Polearms, Staves and Unarmed
   Combat.
   Fortitude: Armour and Shields.
 n - a +0 pair of gloves (worn)
 r - a +1 hat (worn)
Jewellery
 f - a ring of protection from fire (left hand)
 t - a ring of wizardry (right hand)
 L - a ring of protection from cold
Wands
 b - a wand of flame (32)
 A - a wand of mindburst (13)
 E - a wand of acid (6)
 I - a wand of iceblast (3)
 N - a wand of polymorph (3)
Scrolls
 e - 2 scrolls of vulnerability
 g - 8 scrolls of identify
 k - a scroll of torment
 l - 3 scrolls of fear
 m - 4 scrolls of teleportation
 o - 5 scrolls of blinking
 s - a scroll of butterflies
 w - a scroll of immolation
 C - a scroll of magic mapping
 F - 2 scrolls of amnesia
 G - a scroll of enchant armour
Potions
 h - 2 potions of invisibility
 i - 3 potions of attraction
 j - a potion of cancellation
 p - 3 potions of degeneration
 q - 3 potions of magic
 u - 2 potions of lignification
 v - a potion of flight
 x - 3 potions of haste
 z - 2 potions of mutation
 H - a potion of might
 J - a potion of brilliance
 M - 2 potions of berserk rage


   Skills:
 * Level 12.2(13.3) Fighting
 - Level 10.8(11.9) Maces & Flails
 - Level 2.4 Dodging


You had 10 spell levels left.
You didn't know any spells.
Your spell library contained the following spells:

 Spells                   Type           Power      Damage    Failure   Level
 Necrotise                Necr           0%         1d4       22%         1
 Summon Small Mammal      Summ           0%         N/A       22%         1
 Apportation              Tloc           0%         N/A       24%         1
 Static Discharge         Conj/Air       0%         2-2/arc   32%         2
 Inner Flame              Hex/Fire       0%         N/A       54%         3
 Ozocubu's Armour         Ice            0%         N/A       54%         3
 Summon Lightning Spire   Summ/Air       0%         N/A       89%         4
 Airstrike                Air            0%         2d(0-16)  90%         4
 Flame Wave               Conj/Fire      0%         2d4       90%         4
 Sticky Flame             Conj/Fire      0%         2d3       90%         4
 Ozocubu's Refrigeration  Ice            0%         4d7       100%        7


Dungeon Overview and Level Annotations

Branches:
Dungeon (11/15)            Temple (1/1) D:6            Lair (0/5) D:11
    Orc (0/2) D:10

Altars:
Ashenzari
Cheibriados
Dithmenos
Elyvilon
Fedhas
Gozag
Hepliaklqana
Kikubaaqudgha
Makhleb
Nemelex Xobeh
Okawaru
Qazlal
Ru
Sif Muna
Trog
Uskayaw
Vehumet
Wu Jian
Xom
Yredelemnul
Zin
The Shining One

Annotations:
D:4 2 transporters
D:10 alvan145's ghost, journeyman MiBe


Innate Abilities, Weirdness & Mutations

You are completely covered in rugged brown scales. (AC +3, +7% HP)
Armour fits poorly on your strangely shaped body.
You have a long armoured tail.
You roll when moving toward enemies. (Rampage)
Your long tongue fully drains potion bottles. (2x potion effects)
Your tongue gives you trouble enunciating. (1.5x scroll delay)


Message History

Alvan145's ghost is lightly damaged.
You feel very sick. Alvan145's ghost closely misses you.
You sock alvan145's ghost!
Alvan145's ghost is lightly damaged.
You feel very sick. Alvan145's ghost hits you!
You are more poisoned.
You feel much better.
You slurp down every last drop of the potion of heal wounds!
You feel very sick. Alvan145's ghost hits you!!
You are more poisoned.
You hit alvan145's ghost.
You tail-slap alvan145's ghost, but do no damage.
Alvan145's ghost is lightly damaged.
You feel extremely sick. Alvan145's ghost hits you!
You are more poisoned.
You hit alvan145's ghost but do no damage.
Alvan145's ghost is lightly damaged.
You feel extremely sick. Alvan145's ghost hits you!
You are more poisoned.
You puncture alvan145's ghost!
You tail-slap alvan145's ghost, but do no damage.
Alvan145's ghost is moderately damaged.
You feel extremely sick. Alvan145's ghost hits you!
You hit alvan145's ghost.
Alvan145's ghost is moderately damaged.
* * * LOW HITPOINT WARNING * * *
You feel extremely sick. Alvan145's ghost hits you!
* * * LOW HITPOINT WARNING * * *
You are more poisoned.
Blink to where?
Press: ? - help, Dir - move target As you slowly read the scroll of blinking, it crumbles to dust.
You die...

............#............#
##.........###.......>...#
##........# #[W.........##
###.###...## #ยง(.........)#
##..# ##### ##)[..........##
...## #..............# ....###
#..............## # ......##
##...........#..##### .......#
##.@........##..#... ......<#
##.........##....## .......#
##.#.......###.###
.......########..##......##.##
........................###.#
...##..................####.#
...##...................##.##
.........................#.#
..............)............#


You could see alvan145's ghost.

Vanquished Creatures
  A two-headed ogre (D:10)
  Amaemon (D:8)
  2 cyclopes
  2 manticores (D:11)
  A gargoyle (D:11)
  An unseen horror (D:10)
  An orange demon (D:8)
  Sigmund (D:3)
  A shadow (D:9)
  2 wyverns
  3 yaks (D:10)
  A steam dragon (D:8)
  4 wargs (D:10)
  5 orc warriors
  A sky beast (D:7)
  3 black bears
  An ice beast (D:6)
  2 centaurs
  4 kobold brigands
  2 bullfrogs
  5 scorpions
  4 wights (D:9)
  3 killer bees (D:8)
  6 howler monkeys
  A hound (D:4)
  9 orc priests
  2 jellies (D:7)
  Terence (D:3)
  A gnoll bouda (D:6)
  2 sleepcaps (D:5)
  2 iguanas
  18 orc wizards
  4 gnolls (D:6)
  3 adders
  A shadow imp (D:6)
  A white imp (D:7)
  2 worms
  4 dart slugs
  45 orcs
  6 endoplasms
  A giant cockroach (D:4)
  6 goblins
  8 hobgoblins
  3 quokkas
  3 ball pythons
  6 bats
  2 frilled lizards (D:1)
  15 kobolds
  7 rats
210 creatures vanquished.

Notes
Turn   | Place    | Note
-------+----------+-------------------------------------------
     0 | D:1      | Inchmeat the Armataur Monk began the quest for the Orb.
     0 | D:1      | Reached XP level 1. HP: 19/19 MP: 1/1
   120 | D:1      | Reached XP level 2. HP: 26/26 MP: 2/2
   326 | D:1      | Reached skill level 3 in Fighting
   914 | D:2      | Reached XP level 3. HP: 33/33 MP: 3/3
  1622 | D:3      | Found a sparkling altar of Nemelex Xobeh.
  1754 | D:3      | Noticed Terence
  1781 | D:3      | Killed Terence
  1782 | D:3      | Reached skill level 4 in Fighting
  1782 | D:3      | Reached XP level 4. HP: 41/42 MP: 4/4
  1962 | D:3      | Noticed Sigmund
  1972 | D:3      | Killed Sigmund
  1973 | D:3      | Reached skill level 5 in Fighting
  1973 | D:3      | Reached XP level 5. HP: 53/53 MP: 5/5
  2180 | D:3      | Found a sacrificial altar of Ru.
  2422 | D:3      | Reached XP level 6. HP: 60/60 MP: 6/6
  2422 | D:3      | Found a faded altar of an unknown god.
  2502 | D:4      | Found a transporter.
  2554 | D:4      | Found a transporter.
  2587 | D:4      | Reached skill level 6 in Fighting
  2962 | D:4      | Found a radiant altar of Vehumet.
  2962 | D:4      | Found a shadowy altar of Dithmenos.
  3012 | D:4      | Reached skill level 7 in Fighting
  3100 | D:4      | Reached XP level 7. HP: 50/70 MP: 7/7
  3268 | D:5      | Entered Level 5 of the Dungeon
  3669 | D:5      | Reached skill level 8 in Fighting
  4476 | D:6      | Reached XP level 8. HP: 38/79 MP: 8/8
  4727 | D:6      | Found a staircase to the Ecumenical Temple.
  4851 | D:6      | Reached skill level 5 in Maces & Flails
  5196 | Temple   | Entered the Ecumenical Temple
  5332 | Temple   | Became a worshipper of Ashenzari the Shackled
  5508 | D:7      | Reached * piety under Ashenzari
  6394 | D:8      | Found a blossoming altar of Fedhas.
  6429 | D:8      | Reached XP level 9. HP: 80/86 MP: 9/9
  6870 | D:8      | Reached ** piety under Ashenzari
  7042 | D:8      | Noticed Amaemon
  7050 | D:8      | Noticed an orange demon
  7055 | D:8      | Killed Amaemon
  7064 | D:8      | Killed an orange demon
  7108 | D:8      | Reached skill level 10 in Maces & Flails
  8053 | D:9      | Found a stormy altar of Qazlal.
  8069 | D:9      | Noticed a cyclops
  8078 | D:9      | Killed a cyclops
  8079 | D:9      | Reached XP level 10. HP: 77/99 MP: 10/10
  8189 | D:9      | Reached skill level 9 in Fighting
  8392 | D:9      | Identified the +0 plate armour of the Trees {rF- Regen+
                  | Dex+6}
  8560 | D:10     | Entered Level 10 of the Dungeon
  8612 | D:10     | Noticed a two-headed ogre
  8621 | D:10     | Killed a two-headed ogre
  8713 | D:10     | Reached skill level 10 in Fighting
  8721 | D:10     | Found a staircase to the Orcish Mines.
  9521 | D:11     | Noticed a nine-headed hydra
  9530 | D:11     | Noticed a gargoyle
  9532 | D:11     | Found a staircase to the Lair.
  9632 | D:10     | Reached skill level 11 in Fighting
 10008 | D:11     | Noticed a manticore
 10542 | D:11     | Killed a manticore
 10727 | D:11     | Killed a gargoyle
 10728 | D:11     | Reached XP level 11. HP: 114/114 MP: 11/11
 10756 | D:11     | Identified the +5 spear of Clean Defence {freeze, rN+ Str+3
                  | Int+2 Dex-4}
 10773 | D:11     | Reached skill level 12 in Fighting
 11008 | D:11     | Found an iron altar of Okawaru.
 11352 | D:11     | Found a runed translucent gate.
 11353 | D:11     | Found a runed translucent gate.
 11354 | D:11     | Found a runed translucent gate.
 11354 | D:11     | Noticed alvan145's ghost (journeyman MiBe)
 11735 | D:10     | Succumbed to alvan145's ghost's poison

Illustrated notes

Levels and vault maps discovered:
D:1:      dpeg_arrival_prison, layout_basic
D:2:      minmay_alternating_diamond, layout_loops_ring
D:3:      layout_basic, nicolae_ru_path_of_blood,
          nicolae_overflow_crystal_walls,
          shapermc_ecumenical_altar_mp_urbaneastern, serial_glass,
          glass_columns_a, glass_columns_a, glass_columns_b, glass_columns_a,
          glass_columns_a, glass_columns_a, minmay_strange_pillars,
          feat_on_display, due_unseen_surprise, uniq_terence, uniq_sigmund
D:4:      gammafunk_steamed_eel, layout_cave_pools,
          gammafunk_temple_overflow_pools
D:5:      layout_basic
D:6:      layout_rooms, minmay_temple_entry_nine_rooms
D:7:      layout_loops_corners, st_stairs_2
D:8:      layout_gridville, fedhas_altar_2, minmay_misc_feat_four_crosses,
          uniq_amaemon
D:9:      layout_roguey, old_standard_altar
D:10:     layout_cave_pods, erik_orc_4
D:11:     layout_gridville, erik_lair_orcish_takeover,
          gammafunk_ghost_hydra_chop, kennysheep_okawaru_gauntlet
Temple:   eino_temple_scatter_basement

Skill      XL: |  1  2  3  4  5  6  7  8  9 10 11 |
---------------+----------------------------------+-----
Maces & Flails | 3 4 7 10 | 10.8
Fighting       | 3 4 5 7 8 11 12 | 12.2
Dodging        | |  2.4

Action                     |  1- 3 |  4- 6 |  7- 9 | 10-12 || total
---------------------------+-------+-------+-------+-------++-------
  Melee: Mace              |    79 |    94 |    58 |       ||   231
         Tailslap          |    11 |    21 |    41 |    31 ||   104
         Morningstar       |       |       |    97 |   173 ||   270
         Whip              |       |       |   110 |       ||   110
 Invoke: Curse Item        |       |       |     3 |       ||     3
  Evoke: Wand              |       |       |    12 |     8 ||    20
    Use: Potion            |     1 |       |     2 |     4 ||     7
         Scroll            |       |       |     2 |     4 ||     6
   Stab: Fleeing           |       |       |       |     1 ||     1
 Armour: Robe              |    24 |       |       |       ||    24
         Ring mail         |       |    47 |   152 |   129 ||   328
  Dodge: Dodged            |    51 |    43 |   137 |   110 ||   341
